 Dungeon Crawl Stone Soup version 0.27-a0-1245-g940ed4fa31 (webtiles) character file.

Game seed: 1927740028295870814

395 dracfodder the Magician (level 7, -3/49 HPs)
             Began as a Djinni Fire Elementalist on June 9, 2021.
             Slain by a water moccasin (5 damage)
             ... on level 5 of the Dungeon.
             The game lasted 00:22:15 (4903 turns).

dracfodder the Magician (Djinni Fire Elementalist)  Turns: 4903, Time: 00:22:16

Health: -3/49      AC: 11    Str: 14    XL:     7   Next: 9%
Gold:   143        EV: 13    Int: 17    God:
                   SH:  0    Dex: 14

rFire    + + .     SeeInvis .   e - +0 whip (protect)
rCold    x . .     Faith    .   (no shield)
rNeg     . . .     Spirit   .   i - +2 robe {Will+}
rPois    ∞         Reflect  .   (no helmet)
rElec    .         Harm     .   (no cloak)
rCorr    .         Rampage  .   (no gloves)
Will     +....                  (boots unavailable)
Stlth    ++........             (no amulet)
HPRegen  0.16/turn              t - +6 ring of strength
MPRegen  0.00/turn              (no ring)

@: under a protective aura, flying
A: sickness immunity, fire resistance 2, cold vulnerability 1, float, innate
caster, hp casting, extra vitality 1
a: no special abilities


You were on level 5 of the Dungeon.
You visited 1 branch of the dungeon, and saw 5 of its levels.

You collected 143 gold pieces.

Inventory:

Hand Weapons
 e - a +0 whip of protection (weapon)
 r - a +0 hand crossbow
Missiles
 a - 21 arrows
 d - 120 stones
 h - 25 sling bullets
 j - 26 poisoned darts
 k - 3 boomerangs
 l - 2 boomerangs of dispersal
 o - 57 bolts
Armour
 i - a +2 robe of willpower (worn)
Jewellery
 t - a +6 ring of strength (left hand)
Wands
 f - a wand of digging (6)
Scrolls
 p - 4 scrolls of identify {unknown}
 q - a scroll of fog {unknown}
 s - 2 scrolls of torment {unknown}
 u - 3 scrolls of teleportation {unknown}
 v - a scroll of silence {unknown}
Potions
 c - a potion of might {unknown}
 g - a potion of mutation {unknown}
 m - 2 potions of lignification {unknown}
 n - 2 potions of curing {unknown}
 w - a potion of attraction {unknown}


   Skills:
 * Level 2.9 Fighting
 + Level 0.3 Maces & Flails
 + Level 0.8 Crossbows
 + Level 3.0 Dodging
 + Level 2.2 Stealth
 * Level 4.5 Spellcasting


You couldn't memorise any spells.
You knew the following spells:

 Your Spells              Type           Power      Damage    Failure   Level
a - Foxfire               Conj/Fire      76%        2x1d7     2%          1
b - Conjure Flame         Conj/Fire      19%        6-21      7%          3
c - Inner Flame           Hex/Fire       19%        N/A       7%          3
d - Sticky Flame          Conj/Fire      19%        2d4       22%         4
e - Fireball              Conj/Fire      9%         3d6       54%         5
f - Pain                  Necr           76%        1d7       2%          1
g - Call Imp              Summ           19%        N/A       3%          2
h - Ensorcelled Hibernat  Hex/Ice        38%        N/A       3%          2
Your spell library was empty.

Dungeon Overview and Level Annotations

Branches:
Dungeon (5/15)
 Temple: D:4-7

Altars:

Shops:
D:1 (   D:4 *


Innate Abilities, Weirdness & Mutations

You are immune to sickness and miasma.
You are immune to poison.
Your flesh is very heat resistant. (rF++)
You are vulnerable to cold. (rC-)
You float through the air rather than walking.
You learn spells naturally, not from books.
Your magical power is your life essence.
You have superior vitality. (+4 HP)


Message History

The helpless water moccasin fails to defend itself.
You hit the water moccasin.
Your weapon exudes an aura of protection.
The water moccasin is moderately wounded.
The water moccasin bites you!
* * * LOW HITPOINT WARNING * * *
The water moccasin barely misses you.
Casting: Ensorcelled Hibernation (safe; 3% risk of failure)
Confirm with . or Enter, or press ? or * to list all spells.
You conjure some foxfire!
* * * LOW HITPOINT WARNING * * *
The water moccasin completely misses you.
Unknown command.
You hit the water moccasin.
The water moccasin is heavily wounded.
The foxfire hits the water moccasin.
The water moccasin is heavily wounded.
The foxfire hits the water moccasin.
The water moccasin is severely wounded.
The water moccasin completely misses you.
The water moccasin bites you but does no damage.
Casting: Foxfire (safe; 2% risk of failure)
Confirm with . or Enter, or press ? or * to list all spells.
You conjure some foxfire!
* * * LOW HITPOINT WARNING * * *
The water moccasin closely misses you.
You barely miss the water moccasin.
The water moccasin is severely wounded.
The foxfire hits the water moccasin.
The water moccasin is severely wounded.
The foxfire hits the water moccasin.
The water moccasin is almost dead.
The water moccasin bites you!
* * * LOW HITPOINT WARNING * * *
Casting: Foxfire (safe; 2% risk of failure)
Confirm with . or Enter, or press ? or * to list all spells.
You conjure some foxfire!
* * * LOW HITPOINT WARNING * * *
The water moccasin bites you.
You die...

.$##.. .. #.....
.# ##..... .#
#......###.#
#$........#
#........##
........##
..##..v<.##.#...
#.S@)........
#..?.##v##.......
#.##. #.. ##(....
# ..#. .(...
.[.... .... ##..#
.. ... #### ..#
... .#


You could see a water moccasin (ally target).

Vanquished Creatures
  An ogre (D:5)
  A hound (D:4)
  2 orc priests
  Jessica (D:2)
  3 orc wizards
  A hound skeleton (D:4)
  2 adders
  A white imp (D:5)
  An ufetubus (D:5)
  2 worms
  A dart slug (D:1)
  5 orcs
  5 endoplasms
  2 giant cockroaches
  7 goblins
  2 hobgoblins (D:4)
  6 jackals
  4 quokkas
  9 ball pythons
  4 bats
  A frilled lizard (D:3)
  5 kobolds
  3 rats
69 creatures vanquished.

Vanquished Creatures (collateral kills)
  3 foxfires (D:1)
3 creatures vanquished.

Vanquished Creatures (others)
  251 foxfires
251 creatures vanquished.

Grand Total: 323 creatures vanquished

Notes
Turn   | Place    | Note
-------+----------+-------------------------------------------
     0 | D:1      | dracfodder the Djinni Fire Elementalist began the quest for
                  | the Orb.
     0 | D:1      | Reached XP level 1. HP: 15/15 MP: 0/0
   134 | D:1      | Found Boreaj's Antique Weapon Emporium.
   733 | D:1      | Reached skill level 1 in Fighting
   733 | D:1      | Reached XP level 2. HP: 20/22 MP: 0/0
  1510 | D:2      | Reached XP level 3. HP: 23/27 MP: 0/0
  1510 | D:2      | Learned a level 1 spell: Pain
  1725 | D:2      | Noticed Jessica
  1729 | D:2      | Killed Jessica
  1730 | D:2      | Reached skill level 3 in Spellcasting
  1730 | D:2      | Reached XP level 4. HP: 30/33 MP: 0/0
  1867 | D:2      | Found a faded altar of an unknown god.
  2483 | D:3      | Reached XP level 5. HP: 16/38 MP: 0/0
  2483 | D:3      | Learned a level 2 spell: Call Imp
  4044 | D:5      | Entered Level 5 of the Dungeon
  4073 | D:4      | Reached skill level 4 in Spellcasting
  4073 | D:4      | Reached XP level 6. HP: 40/45 MP: 0/0
  4488 | D:4      | Found Maleav's Assorted Antiques.
  4878 | D:5      | Noticed an ogre
  4890 | D:5      | Noticed a water moccasin
  4893 | D:5      | Killed an ogre
  4894 | D:5      | Reached XP level 7. HP: 23/49 MP: 0/0
  4894 | D:5      | Learned a level 2 spell: Ensorcelled Hibernation
  4903 | D:5      | Slain by a water moccasin

Illustrated notes

Levels and vault maps discovered:
D:1:      grunt_arrival_lava_bath, layout_loops_corners, serial_shops, shop,
          minmay_hedge_maze
D:2:      layout_basic, chequers_ecumenical_altar_simple, uniq_jessica
D:3:      layout_basic, minmay_quadrilaterals
D:4:      layout_cave_pools, serial_shops, shop
D:5:      layout_cave_pools, hangedman_ru_absence, corexii_checkpoint_b

Skill      XL: |  1  2  3  4  5  6 |
---------------+-------------------+-----
Fighting       | 1 2 |  2.9
Spellcasting   | 3 4 |  4.5
Stealth        | 2 |  2.2
Dodging        | 3 |  3.0
Maces & Flails | |  0.3
Crossbows      | |  0.8

Action                   |  1- 3 |  4- 6 |  7- 9 || total
-------------------------+-------+-------+-------++-------
Melee: Unarmed           |     3 |       |       ||     3
       Whip              |     3 |    46 |     3 ||    52
 Fire: Hand crossbow     |       |    25 |       ||    25
Throw: Dart              |       |     2 |       ||     2
 Cast: Foxfire           |    30 |   106 |     4 ||   140
       Pain              |       |     4 |       ||     4
       Call Imp          |       |     2 |       ||     2
       Ensorcelled Hiber |       |       |     1 ||     1
  Use: Scroll            |     2 |     2 |       ||     4
       Potion            |       |     3 |       ||     3
 Stab: Sleeping          |       |       |     1 ||     1
Armor: Robe              |     1 |    25 |     1 ||    27
Dodge: Dodged            |    11 |    59 |     5 ||    75

Table legend: (Time is in decaauts)
 A = Elapsed time spent in this place.
 B = Non-inter-level travel time spent in this place.
 C = Inter-level travel time spent in this place.
 D = Time resting spent in this place.
 E = Time spent auto-exploring this place.
 F = Levels seen in this place.
 G = Mean time per level.
                   A        B        C        D        E       F      G
               +--------+--------+--------+--------+--------+-----+--------+
         Total |   4921 |   4823 |     98 |   1527 |   2624 |   5 |  984.2 |
       Dungeon |   4921 |   4823 |     98 |   1527 |   2624 |   5 |  984.2 |
               +--------+--------+--------+--------+--------+-----+--------+

Top non-repeatable levels by time:
     D:3: 1581 daAuts
     D:1: 1483 daAuts
     D:4: 998 daAuts
     D:2: 749 daAuts
     D:5: 109 daAuts
